 Dungeon Crawl Stone Soup version 0.21-a0-507-ga8f6b7a (webtiles) character file.

55 Gildeon the Magician (level 3, -7/26 HPs)
             Began as a Demigod Fire Elementalist on Nov 27, 2017.
             Mangled by an orc wizard
             ... wielding a +0 glaive
              (14 damage)
             ... on level 2 of the Dungeon.
             The game lasted 00:10:43 (1599 turns).

Gildeon the Magician (Demigod Fire Elementalist)    Turns: 1599, Time: 00:10:44

Health: -7/26      AC:  5    Str: 11    XL:     3   Next: 45%
Magic:  4/10       EV: 12    Int: 21    God:
Gold:   52         SH:  0    Dex: 16    Spells: 2/8 levels left

rFire    . . .     SeeInvis .   l - +1 whip (drain)
rCold    . . .     Gourm    .   (no shield)
rNeg     . . .     Faith    .   g - +1 leather armour
rPois    .         Spirit   .   (no helmet)
rElec    .         Reflect  .   (no cloak)
rCorr    .         Harm     .   h - +0 pair of gloves
MR       .....                  (no boots)
Stlth    +++.......             d - amulet of rage
HPRegen  0.08/turn              e - ring of stealth
MPRegen  0.12/turn              (no ring)

@: drained
A: high mp 1
a: Evoke Berserk Rage


You were on level 2 of the Dungeon.
You were not hungry.

You visited 1 branch of the dungeon, and saw 2 of its levels.

You collected 52 gold pieces.

Inventory:

Hand Weapons
 l - a +1 whip of draining (weapon)
Armour
 g - a +1 leather armour (worn)
 h - a +0 pair of gloves (worn)
Jewellery
 d - an amulet of rage (around neck)
 e - a ring of stealth (left hand)
Potions
 a - a potion of agility {unknown}
 f - 2 potions of brilliance
 i - 2 potions of might
 k - a potion of lignification {unknown}
Books
 b - a book of Flames

   Spells                             Type                      Level
   a - Flame Tongue                   Conjuration/Fire             1
   b - Throw Flame                    Conjuration/Fire             2
   c - Conjure Flame                  Conjuration/Fire             3
   d - Inner Flame                    Hexes/Fire                   3
   e - Sticky Flame                   Conjuration/Fire             4
   f - Fireball                       Conjuration/Fire             5
Comestibles
 c - 3 bread rations
 j - 9 chunks of flesh


   Skills:
 - Level 1.7(1.6) Dodging
 - Level 1.7(1.6) Stealth
 + Level 3.4(3.3) Spellcasting
 - Level 0.8(0.6) Conjurations
 - Level 2.6(2.5) Fire Magic


You had 2 spell levels left.
You knew the following spells:

 Your Spells              Type           Power        Failure   Level  Hunger
a - Flame Tongue          Conj/Fire      ##...        9%          1    None
b - Throw Flame           Conj/Fire      ##....       13%         2    ##.....
c - Conjure Flame         Conj/Fire      ##......     26%         3    ###....


Dungeon Overview and Level Annotations

Branches:
Dungeon (2/15)


Innate Abilities, Weirdness & Mutations

You have an increased reservoir of magic. (+10% MP)


Message History

Casting: Flame Tongue
Confirm with . or Enter, or press ? or * to list all spells.
Aiming: Flame Tongue
Press: ? - help, Shift-Dir - straight line, f/p - orc wizard
Aim: an orc wizard, wielding a glaive and wearing a robe (fast)
The flame tongue misses the orc wizard.
The orc wizard barely misses you.
A goblin comes into view. It is wielding a club.
The orc wizard closely misses you. The orc wizard misses you.
You hit the orc wizard.
The orc wizard is lightly wounded.
The orc wizard completely misses you.
You closely miss the orc wizard.
The orc wizard is lightly wounded.
The orc wizard hits you with a glaive!
* * * LOW HITPOINT WARNING * * *
You hit the orc wizard but do no damage.
The orc wizard is lightly wounded.
The orc wizard hits you with a glaive!
Ouch! That really hurt!
You die...

#..# #..# #..#
#.(#
#.(##########..
##..#.<.<......#
#.....##########
#(#..## #@#.##
#)o#.# .".g..#
........#
#........#
#.........
#.....>..##
#........#


You could see an orc wizard and a goblin.

Vanquished Creatures
  An ooze (D:2)
  A worm (D:2)
  A leopard gecko (D:1)
  An orc (D:2)
  2 ball pythons (D:2)
  6 bats
  2 giant cockroaches (D:1)
  4 goblins (D:1)
  6 hobgoblins
  3 quokkas (D:2)
  A frilled lizard (D:1)
  8 kobolds
  4 rats (D:1)
40 creatures vanquished.

Notes
Turn   | Place    | Note
-------+----------+-------------------------------------------
     0 | D:1      | Gildeon the Demigod Fire Elementalist began the quest for the Orb.
     0 | D:1      | Reached XP level 1. HP: 14/14 MP: 5/5
    50 | D:1      | Reached skill level 2 in Spellcasting
   453 | D:1      | Reached XP level 2. HP: 20/20 MP: 5/8
   561 | D:1      | Learned a level 2 spell: Throw Flame
   959 | D:1      | Reached skill level 3 in Spellcasting
  1154 | D:2      | Reached XP level 3. HP: 9/26 MP: 2/10
  1374 | D:2      | Learned a level 3 spell: Conjure Flame
  1599 | D:2      | Mangled by an orc wizard

Vault maps used:
D:1:      lightli_arrival_isolated_outpost, minmay_split_cup_small
D:2:      corexii_corridor_pit, minivault_19

Skill      XL: |  1  2 |
---------------+-------+-----
Spellcasting   | 2 3 |  3.4
Dodging        | |  1.7
Stealth        | |  1.7
Conjurations   | |  0.8
Fire Magic     | |  2.6

Action                   || total
-------------------------++-------
Melee: Unarmed           ||    16
       Whip              ||     6
 Cast: Flame Tongue      ||    44
       Throw Flame       ||    17
  Use: Scroll            ||     5
  Eat: Chunk             ||     3
Armor: Robe              ||     8
       Leather armour    ||     5
Dodge: Dodged            ||    48

Table legend:
 A = Spawn XP
 B = Non-spawn XP
 C = Spawn XP percentage of total XP
 D = Spawn monster count
 E = Non-spawn monster count
 F = Spawn count percentage of total count
 G = Total turns spent on level
                    A         B        C        D         E        F      G
               +---------+---------+-------+---------+---------+-------+---------
         Total |       0 |      79 |   0.0 |       0 |      40 |   0.0 |  1599
               +---------+---------+-------+---------+---------+-------+---------
           D:1 |       0 |      41 |   0.0 |       0 |      24 |   0.0 |  1114
           D:2 |       0 |      38 |   0.0 |       0 |      16 |   0.0 |   485
               +---------+---------+-------+---------+---------+-------+---------
